 Dungeon Crawl Stone Soup version 0.30.0 (webtiles) character file.

Game seed: 4672700415771586105

39330 cheesebisquit the Grappler (level 13, 0/131 HPs)
             Began as a Troll Fighter on May 6, 2023.
             Was a High Priest of Okawaru.
             Slain by a death yak (23 damage)
             ... on level 4 of the Lair of Beasts.
             The game lasted 01:04:10 (17031 turns).

cheesebisquit the Grappler (Troll Fighter)         Turns: 17031, Time: 01:04:11

Health: 0/131      AC: 13    Str: 31    XL:     13   Next: 68%
Magic:  15/16      EV: 12    Int: 10    God:    Okawaru [*****.]
Gold:   1309       SH: 11    Dex:  9    Spells: 12/12 levels left

rFire   . .          .
                       - Unarmed
rCold   . . .        b - +0 kite shield
rNeg    . . .        Z - +0 acid dragon scales
rPois   .            (helmet restricted)
rElec   .            r - +1 cloak
rCorr   +            (gloves unavailable)
SInv    +            (boots unavailable)
Will    .....        q - amulet of regeneration
Stlth   +++          v - ring of see invisible
HPRegen 2.01/turn    c - +6 ring of intelligence
MPRegen 0.15/turn

%: no passive effects
@: heroic
A: large, unfitting armour, claws 3, regeneration 1, shaggy fur 1, tough skin 1
a: Renounce Religion, Heroism, Finesse, Duel


You were on level 4 of the Lair of Beasts.
You worshipped Okawaru.
Okawaru was extremely pleased with you.
You visited 3 branches of the dungeon, and saw 18 of its levels.
You also visited: Ossuary.

You collected 1474 gold pieces.
You spent 165 gold pieces at shops.

Inventory:

Hand Weapons
 E - a +0 morningstar
 M - a +3 giant spiked club
 W - a +1 antimagic arbalest
Missiles
 a - a javelin
 k - 7 large rocks
 s - 18 poisoned darts
 C - 119 stones
 G - 5 atropa-tipped darts
 Q - 2 curare-tipped darts
 R - 2 silver boomerangs
 S - 2 throwing nets
 T - a boomerang (quivered)
 V - 2 silver javelins
Armour
 b - a +0 kite shield (worn)
 o - a scarf of repulsion
 r - a +1 cloak (worn)
 z - a +0 troll leather armour
 Z - +0 acid dragon scales (worn)
Jewellery
 c - a +6 ring of intelligence (right claw)
 q - an amulet of regeneration (around neck)
 v - a ring of see invisible (left claw)
 y - a ring of magical power
 B - a ring of ice
Wands
 h - a wand of mindburst (5)
 p - a wand of light (15)
 F - a wand of iceblast (19)
 L - a wand of paralysis (11)
 N - a wand of digging (7)
Scrolls
 d - 8 scrolls of teleportation
 g - a scroll of torment
 i - a scroll of brand weapon {unknown}
 j - 3 scrolls of fear
 m - a scroll of silence
 t - a scroll of fog
 u - 3 scrolls of immolation
 I - a scroll of summoning {unknown}
 O - 2 scrolls of amnesia {unknown}
 P - a scroll of vulnerability
 U - a scroll of poison {unknown}
 X - 2 scrolls of magic mapping
Potions
 e - 6 potions of attraction
 f - 3 potions of flight
 l - 3 potions of brilliance
 n - 4 potions of magic
 w - a potion of invisibility
 x - a potion of resistance
 A - a potion of heal wounds
 D - a potion of lignification
 H - a potion of curing
 J - 3 potions of mutation
 K - a potion of ambrosia


   Skills:
 + Level 9.5(14.5) Fighting
 + Level 9.0(14.0) Throwing
 + Level 4.7(9.7) Armour
 + Level 6.2(11.2) Dodging
 + Level 4.0(9.0) Stealth
 + Level 7.8(12.8) Shields
 + Level 11.7(16.7) Unarmed Combat
 + Level 6.5 Invocations


You had 12 spell levels left.
You didn't know any spells.
Your spell library contained the following spells:

 Spells                   Type           Power      Damage    Failure   Level
 Foxfire                  Conj/Fire      0%         2x1d4     54%         1
 Freeze                   Ice            0%         1d3       54%         1
 Ensorcelled Hibernation  Hex/Ice        0%         N/A       67%         2
 Passwall                 Tmut/Erth      0%         N/A       67%         2
 Sublimation of Blood     Necr           0%         N/A       67%         2
 Dazzling Flash           Conj/Hex       0%         N/A       88%         3
 Frozen Ramparts          Ice            0%         1d1       88%         3
 Hailstorm                Conj/Ice       0%         3d3       88%         3
 Stone Arrow              Conj/Erth      0%         3d7       88%         3
 Swiftness                Air            0%         N/A       88%         3
 Vhi's Electric Charge    Tloc/Air       0%         N/A       88%         3
 Volatile Blastmotes      Fire/Tloc      0%         2d10      88%         3
 Iskenderun's Mystic Bla  Conj/Tloc      0%         2d3       99%         4
 Passage of Golubria      Tloc           0%         N/A       99%         4
 Petrify                  Tmut/Erth      0%         N/A       99%         4
 Arcjolt                  Conj/Air       0%         1d10      100%        5
 Fireball                 Conj/Fire      0%         3d3       100%        5
 Irradiate                Conj/Tmut      0%         3d11      100%        5
 Yara's Violent Unravell  Hex/Tmut       0%         3d3       100%        5
 Conjure Ball Lightning   Conj/Air       0%         3x3d6     100%        6
 Plasma Beam              Fire/Air       0%         2x1d11    100%        6
 Starburst                Conj/Fire      0%         6d3       100%        6
 Discord                  Hex            0%         N/A       100%        8
 Disjunction              Tloc           0%         N/A       100%        8
 Lehudib's Crystal Spear  Conj/Erth      0%         10d2      100%        8
 Tukima's Dance           Hex            Unusable   N/A       N/A         3
 Animate Armour           Summ/Erth      Unusable   N/A       N/A         4

Dungeon Overview and Level Annotations

Branches:
Dungeon (13/15)            Temple (1/1) D:7            Lair (4/5) D:11
 Shoals (0/4) Lair:3       Spider (0/4) Lair:3          Orc (0/2) D:12
Ossuary (visited)
  Slime: Lair:4-5    Vaults: D:13-14

Altars:
Ashenzari
Cheibriados
Dithmenos
Elyvilon
Fedhas
Gozag
Hepliaklqana
Kikubaaqudgha
Makhleb
Nemelex Xobeh
Okawaru
Qazlal
Ru
Sif Muna
Trog
Uskayaw
Vehumet
Wu Jian
Xom
Yredelemnul
Zin
The Shining One

Shops:
D:1 =

Annotations:
D:3 1 runed translucent door, Crazy Yiuf


Innate Abilities, Weirdness & Mutations

You are too large for most types of armour.
You have claws for hands.
Your natural rate of healing is unusually fast.
You are covered in fur. (AC +1)
You have tough skin. (AC +1)


Message History

You mangle the death yak!!
The death yak is heavily wounded.
The death yak gores you. x2
You mangle the death yak!!
The death yak is almost dead.
You scratch the death yak.
The death yak is almost dead.
The death yak gores you. The death yak gores you!
You claw the death yak!
The death yak is lightly wounded.
The death yak gores you but does no damage.
You block the death yak's attack.
You eviscerate the death yak!!!
The death yak is severely wounded.
You block the death yak's attack. The death yak gores you.
You barely miss the death yak.
The death yak is almost dead.
You eviscerate the death yak!!!
You kill the death yak!
Okawaru accepts your kill. The death yak barely misses you.
Your base Stealth skill increases to level 4!
You claw the death yak!
The death yak is lightly wounded.
The death yak gores you!! The death yak gores you!
* * * LOW HITPOINT WARNING * * *
You claw the death yak!
The death yak is almost dead.
You block the death yak's attack. x2
You eviscerate the death yak!!!
You kill the death yak!
Okawaru accepts your kill. The death yak gores you!
* * * LOW HITPOINT WARNING * * *
You scratch the death yak.
The death yak is lightly wounded.
You scratch the death yak.
The death yak is moderately wounded.
The death yak gores you!!
You die...

##.#.....<...###
.##....#P##....#######
############...^.#.#.# ##
# #######.....#### #.# #
####.### ##.......##.#
###.#....#.## ##.##.....#
#...........## ##..##..##
.............########.##
$..............@# ##..#
..............Y## #..##
................####.#.#
...............###...##.#
..<............#####..###
#..^#...........###.....#
............##.......##
## ...........#P.......#
.. ......###.......#


You could see a death yak.

Vanquished Creatures
  Josephine (D:12)
  Fannar (Lair:1)
  A hydra (Lair:3)
  2 boulder beetles
  6 death yaks (Lair:4)
  A two-headed ogre (D:8)
  A tengu warrior (D:12)
  Nergalle (D:10)
  Sonja (D:10)
  Lodul (D:10)
  A deep elf pyromancer (D:12)
  A cyclops (D:11)
  A manticore (D:12)
  2 black mambas (Lair:4)
  12 elephants
  2 gargoyles
  5 cane toads
  2 efreet
  A kobold demonologist (D:12)
  8 komodo dragons
  A meliai (Lair:3)
  4 trolls
  2 hornets
  15 blink frogs
  A snapping turtle (Lair:3)
  A vampire (D:11)
  A shadow (D:11)
  9 wraiths
  2 wyverns
  3 basilisks
  18 yaks
  7 vampire mosquitoes
  Edmund (D:6)
  An acid dragon (D:12)
  10 water moccasins
  3 black bears
  4 sky beasts
  7 orc warriors (D:12)
  An ice beast (D:7)
  3 centaurs
  7 ogres
  12 wolves
  12 bullfrogs
  A kobold brigand (D:7)
  2 phantoms
  3 gnoll sergeants
  9 scorpions
  3 wights
  22 killer bees
  An oklob sapling (D:7)
  5 electric eels
  6 howler monkeys
  5 hounds
  4 sleepcaps
  5 jellies
  A gnoll bouda (D:5)
  14 orc priests
  Natasha (thrice) (D:3)
  2 iguanas (D:6)
  18 orc wizards
  A mummy (Ossuary)
  11 gnolls
  8 adders
  A shadow imp (D:6)
  2 white imps
  4 dart slugs
  56 orcs
  3 spectral bats (Ossuary)
  8 ball pythons
  5 endoplasms
  2 giant cockroaches (D:1)
  12 gnoll zombies (Ossuary)
  5 goblins
  9 hobgoblins
  8 jackals
  4 quokkas
  3 bats
  2 bat simulacra (Ossuary)
  2 frilled lizards
  2 goblin simulacra (Ossuary)
  7 goblin zombies (Ossuary)
  3 hobgoblin zombies (Ossuary)
  18 kobolds
  8 kobold simulacra (Ossuary)
  4 kobold zombies (Ossuary)
  4 orc zombies (Ossuary)
  6 rats
  4 rat simulacra (Ossuary)
  2 spectral goblins (Ossuary)
  6 spectral kobolds (Ossuary)
  2 spectral rats (Ossuary)
492 creatures vanquished.

Vanquished Creatures (others)
  A bush (Lair:3)
  49 fungi
  69 plants
119 creatures vanquished.

Grand Total: 611 creatures vanquished

Notes
Turn   | Place    | Note
-------+----------+-------------------------------------------
     0 | D:1      | cheesebisquit the Troll Fighter began the quest for the
                  | Orb.
     0 | D:1      | Reached XP level 1. HP: 22/22 MP: 0/0
   104 | D:1      | Reached XP level 2. HP: 29/29 MP: 1/1
   210 | D:1      | Reached skill level 3 in Unarmed Combat
   553 | D:1      | Found Enuany's Jewellery Shoppe.
   575 | D:1      | Reached XP level 3. HP: 36/36 MP: 2/2
  1001 | D:2      | Reached skill level 4 in Unarmed Combat
  1054 | D:2      | Found a faded altar of an unknown god.
  1390 | D:2      | Reached XP level 4. HP: 42/44 MP: 3/3
  1850 | D:3      | Noticed Natasha
  1854 | D:3      | Killed Natasha
  2153 | D:3      | Noticed a centaur
  2170 | D:3      | Killed a centaur
  2171 | D:3      | Reached skill level 5 in Unarmed Combat
  2171 | D:3      | Reached XP level 5. HP: 53/53 MP: 4/4
  2268 | D:3      | Found a runed translucent door.
  2269 | D:3      | Noticed Crazy Yiuf
  2479 | D:3      | Noticed Natasha
  2489 | D:3      | Killed Natasha
  2543 | D:3      | Noticed Natasha
  2554 | D:3      | Killed Natasha
  2555 | D:3      | Reached XP level 6. HP: 47/61 MP: 5/5
  3049 | D:4      | Found a sand-covered staircase.
  3060 | Ossuary  | Entered an ossuary
  3252 | Ossuary  | Reached skill level 6 in Unarmed Combat
  3684 | D:1      | Bought a ring of see invisible for 165 gold pieces
  4280 | D:4      | Found a white marble altar of Elyvilon.
  4401 | D:4      | Reached XP level 7. HP: 71/71 MP: 6/6
  4704 | D:5      | Entered Level 5 of the Dungeon
  4799 | D:5      | Reached skill level 1 in Throwing
  5077 | D:5      | Reached skill level 5 in Fighting
  5077 | D:5      | Reached skill level 7 in Unarmed Combat
  5205 | D:5      | Reached XP level 8. HP: 80/80 MP: 7/7
  6185 | D:6      | Reached skill level 8 in Unarmed Combat
  6220 | D:6      | Found a snail-covered altar of Cheibriados.
  6317 | D:6      | Noticed Edmund
  6327 | D:6      | Killed Edmund
  6391 | D:6      | Reached XP level 9. HP: 89/89 MP: 8/8
  6485 | D:6      | Found a glowing golden altar of the Shining One.
  6894 | D:6      | Reached skill level 5 in Throwing
  7073 | D:6      | Reached skill level 9 in Unarmed Combat
  7384 | D:7      | Found a staircase to the Ecumenical Temple.
  7400 | D:7      | Found a shadowy altar of Dithmenos.
  7432 | Temple   | Entered the Ecumenical Temple
  7630 | Temple   | Became a worshipper of Warmaster Okawaru
  7846 | D:8      | Found a shimmering altar of Xom.
  7896 | D:8      | Paralysed by a hornet for 3 turns
  7902 | D:7      | Paralysed by a hornet for 1 turns
  7912 | D:7      | Reached XP level 10. HP: 41/102 MP: 9/9
  8220 | D:8      | Reached skill level 1 in Invocations
  8239 | D:8      | Reached * piety under Okawaru
  8405 | D:8      | Noticed a two-headed ogre
  8433 | D:8      | Killed a two-headed ogre
  8447 | D:8      | Reached ** piety under Okawaru
  9203 | D:10     | Entered Level 10 of the Dungeon
  9270 | D:10     | Noticed Lodul
  9293 | D:10     | Killed Lodul
  9294 | D:10     | Reached skill level 10 in Unarmed Combat
  9370 | D:10     | Reached skill level 5 in Shields
  9411 | D:10     | Noticed Nergalle
  9417 | D:10     | Reached skill level 1 in Stealth
  9421 | D:10     | Killed Nergalle
  9421 | D:10     | Reached *** piety under Okawaru
  9422 | D:10     | Reached XP level 11. HP: 45/111 MP: 9/12
  9585 | D:10     | Noticed Sonja
  9588 | D:10     | Killed Sonja
 10008 | D:10     | Found a bloodstained altar of Trog.
 10399 | D:11     | Reached skill level 1 in Armour
 10467 | D:11     | Found a staircase to the Lair.
 10484 | D:11     | Received a gift from Okawaru
 10858 | D:11     | Found a faded altar of an unknown god.
 11410 | D:12     | Identified the staff of poison "Geen" {rPois Int+3 Dex+2
                  | Stlth+}
 11515 | D:12     | Reached **** piety under Okawaru
 11550 | D:12     | Received a gift from Okawaru
 11662 | D:12     | Found a staircase to the Orcish Mines.
 11771 | D:12     | Noticed Josephine
 11780 | D:12     | Killed Josephine
 11839 | D:12     | Reached XP level 12. HP: 122/122 MP: 14/14
 12118 | D:12     | Found a glowing silver altar of Zin.
 12340 | D:13     | Noticed a boulder beetle
 12372 | D:13     | Noticed a tengu warrior
 12372 | D:13     | Noticed a centaur warrior
 12429 | D:12     | Killed a tengu warrior
 12466 | D:12     | Killed a boulder beetle
 12466 | D:12     | Reached ***** piety under Okawaru
 12760 | D:12     | Found a glowing silver altar of Zin.
 12833 | D:12     | Found a staircase to the Orcish Mines.
 13197 | D:13     | Noticed a centaur warrior
 13340 | Lair:1   | Entered Level 1 of the Lair of Beasts
 13528 | Lair:1   | Noticed Fannar
 13543 | Lair:1   | Killed Fannar
 13544 | Lair:1   | Reached skill level 5 in Invocations
 13569 | Lair:1   | Reached skill level 5 in Dodging
 13576 | Lair:1   | Reached skill level 11 in Unarmed Combat
 13948 | Lair:1   | Noticed a boulder beetle
 13970 | Lair:1   | Killed a boulder beetle
 14699 | Lair:2   | Identified the +1 flail "Yveer" {freeze, +Blink rF- rC+++}
                  | (Okawaru gifted it to you on level 2 of the Lair of Beasts)
 14699 | Lair:2   | Received a gift from Okawaru
 15215 | Lair:3   | Found a gate leading to a gauntlet.
 15482 | Lair:3   | Found a hole to the Spider Nest.
 15512 | Lair:3   | Reached XP level 13. HP: 105/131 MP: 13/16
 15769 | Lair:3   | Identified the +0 ring mail of the Wild Haggis {*Corrode
                  | +Blink MP+9}
 15950 | Lair:3   | Found a staircase to the Shoals.
 16398 | Lair:4   | Received a gift from Okawaru
 16700 | Lair:4   | Received a gift from Okawaru
 16880 | Lair:4   | Received a gift from Okawaru
 17031 | Lair:4   | Slain by a death yak

Illustrated notes

Levels and vault maps discovered:
D:1:      beargit_arrival_diablo_church, layout_loops_ring, serial_shops, shop,
          serial_park_tiny_1
D:2:      layout_basic, chequers_ecumenical_altar_simple,
          palyth_stone_intersect, minmay_misc_feat_roman,
          minmay_misc_feat_enclosed, item_on_display_a
D:3:      layout_loops_corners, minmay_misc_feat_iff, uniq_natasha,
          uniq_crazy_yiuf_cottage
D:4:      layout_basic, lemuel_crystal_altar, nicolae_ossuary_entry_ruins
D:5:      layout_loops_corners, dreamdust_wishing_well
D:6:      minmay_clustersquares, layout_loops_cross, tso_metal_star,
          mainiacjoe_overflow_boulevard, kennysheep_decorative_pillar,
          minmay_fractal_squares_gapless_5, uniq_edmund
D:7:      layout_cave_pools, nicolae_dithmenos_shadow_blocks,
          minmay_temple_entry_oklob
D:8:      layout_gridville, overflow_temple_1_default
D:9:      layout_long_grid
D:10:     layout_roguey, lemuel_coloured_pillars_altar, chequers_big_river,
          uniq_sonja, uniq_lodul, uniq_nergalle
D:11:     layout_stronghold, due_lair_maze_entry_diamond, serial_column_ruins,
          column_ruins_temple_circle, column_ruins_hut_water,
          column_ruins_grid_1, column_ruins_grid_3, column_ruins_grid_1,
          column_ruins_grid_2
D:12:     layout_cave_pods, david_orc_5, zin_scriptorium, uniq_josephine
D:13:     layout_cave_pools, gammafunk_ghost_icy, minmay_fountain_box
Temple:   nicolae_temple_slightly_damp_pantheon
Lair:1:   layout_chaotic_city, serial_bayou_pond_d, minmay_holes, uniq_fannar
Lair:2:   layout_roguey, grunt_forest_small_clearings
Lair:3:   layout_misc_corridors, minmay_shoals_entry_hut,
          hellmonk_spider_entry_not_the_bees, gauntlet_entry_generic,
          serial_bayou_ford_a, st_stairs_13, nicolae_lair_grazing_beasts
          [nicolae_sub_lair_graze_edge, nicolae_sub_lair_graze_edge,
          nicolae_sub_lair_graze_edge, nicolae_sub_lair_graze_edge]
Lair:4:   hellmonk_destroyed_diamonds, layout_cave_pods, beast_lair_carwin_5,
          grunt_megastairs_4

Skill      XL: |  1  2  3  4  5  6  7  8  9 10 11 12 13 |
---------------+----------------------------------------+-----
Unarmed Combat | 3 4 5 6 7 8 9 10 11 | 11.7
Fighting       | 3 4 5 6 7 8 9 |  9.5
Throwing       | 2 4 6 7 8 9 |  9.0
Shields        | 3 5 6 7 |  7.8
Invocations    | 3 4 5 6 |  6.5
Dodging        | 3 4 5 6 |  6.2
Stealth        | 1 2 3 4 |  4.0
Armour         | 2 3 4 |  4.7

Action                     |  1- 3 |  4- 6 |  7- 9 | 10-12 | 13-15 || total
---------------------------+-------+-------+-------+-------+-------++-------
  Melee: Unarmed           |    94 |   258 |   320 |   516 |   168 ||  1356
         Giant spiked club |       |       |       |       |     2 ||     2
  Throw: Stone             |     4 |     7 |    31 |    11 |       ||    53
         Dart              |       |    15 |    39 |    48 |       ||   102
         Boomerang         |       |       |    18 |   213 |   114 ||   345
         Large rock        |       |       |       |     5 |       ||     5
         Javelin           |       |       |       |     3 |       ||     3
 Invoke: Heroism           |       |       |       |    21 |     3 ||    24
  Evoke: Wand              |       |       |       |     5 |       ||     5
    Use: Potion            |       |     1 |     5 |    15 |       ||    21
         Scroll            |       |     8 |     2 |    20 |     1 ||    31
   Stab: Sleeping          |     1 |       |       |       |       ||     1
         Invisible         |       |       |       |     1 |       ||     1
 Armour: Robe              |    30 |    41 |    53 |    45 |       ||   169
         Troll leather arm |       |       |       |    42 |       ||    42
         Acid dragon scale |       |       |       |    78 |    57 ||   135
  Dodge: Dodged            |    16 |    59 |    97 |   193 |    69 ||   434
  Block: Kite shield       |    33 |    74 |    96 |   226 |    93 ||   522
